AoeStats
← kolemy

Four Lakes

503227060Analyzed
2v2 RM · 1mo ago on Aug 30, 2026· 44m 14s· 4 players
Game mode
Random Map
Map size
Medium (4 player)
Population
200
Speed
Normal
Resources
Standard
Victory
Conquest
Starting age
Dark Age
Ending age
Imperial Age
RankedLock teamsTeams togetherTeam positionsShared explorationLock speedFull tech treeHidden civsTurbo modeCheats
Victory
Defeat
🇬🇧 Koreans · United Kingdom
638
+13
🇬🇧 Berbers · United Kingdom
598
+15
🇨🇴 Khitans · Colombia
600
-15
🇬🇹 Vietnamese · Guatemala
545
-13
Oblivion280195
9:52 Loom
11:52 Feudal Age
13:31 Fishing Lines
20:08 Castle Age
17:57 Double-Bit Axe
20:55 Light Cavalry
24:51 Husbandry
24:56 Domestication
28:16 Ballistics
30:35 Imperial Age
30:51 Lamellar Armor
31:58 Fletching
32:38 Conscription
33:40 Scale Barding Armor
33:47 Forging
33:35 Bodkin Arrow
39:35 Chain Barding Armor
39:51 Iron Casting
kolemy
1:18 Loom
15:33 Feudal Age
16:44 Horse Collar
16:55 Double-Bit Axe
18:01 Wheelbarrow
17:35 Gold Mining
17:45 Fishing Lines
21:14 Stone Mining
22:30 Town Watch
24:55 Castle Age
26:26 Bow Saw
26:35 Fletching
27:44 Pikeman
28:26 Squires
28:41 Man-at-Arms
34:21 Imperial Age
32:13 Hand Cart
31:58 Town Patrol
33:51 Treadmill Crane
34:32 Ballistics
34:08 Murder Holes
34:24 Fortified Wall
34:21 Caravan
35:03 Medium Warships
34:45 Gillnets
37:27 Two-Man Saw
38:42 Paper Money
38:23 Chatras
40:34 Cavalier
40:35 Light Cavalry
41:25 Bloodlines
41:16 Husbandry
40:38 Elite Battle Elephant
LoneRanger1994
5:34 Loom
11:52 Feudal Age
12:31 Horse Collar
12:50 Double-Bit Axe
20:43 Castle Age
19:59 Wheelbarrow
20:54 Fletching
21:14 Scale Barding Armor
22:44 Bloodlines
22:37 Husbandry
22:51 Forging
24:23 Light Cavalry
25:27 Hand Cart
25:10 Fishing Lines
25:52 Bow Saw
25:49 Heavy Plow
28:21 Gillnets
28:40 Gold Mining
31:47 Imperial Age
31:28 Iron Casting
31:14 Chain Barding Armor
30:50 Bodkin Arrow
30:56 Padded Archer Armor
31:54 Thumb Ring
33:52 Heavy Camel Rider
36:58 Plate Barding Armor
37:24 Blast Furnace
38:43 Caravan
40:39 Chemistry
39:45 Bracer
40:35 Hussar
43:18 Leather Archer Armor
GreenShell94
7:41 Loom
11:53 Feudal Age
13:27 Wheelbarrow
12:58 Double-Bit Axe
15:08 Horse Collar
18:22 Fishing Lines
19:01 Gold Mining
19:04 Stone Mining
21:28 Castle Age
19:20 Town Watch
20:36 Fletching
21:35 Crossbowman
22:26 Thumb Ring
23:07 Bow Saw
24:49 Gillnets
26:31 Hand Cart
30:24 Imperial Age
28:08 Bodkin Arrow
29:34 Ballistics
29:51 Hand Cart
30:28 Murder Holes
30:37 Heavy Plow
31:51 Conscription
33:09 Chemistry
32:11 Arbalester
37:15 Two-Man Saw
38:21 Bracer
Connection lost

Rejoining the realm…

Still unreachable

The connection could not be restored.

Session expired

The server has moved on; the page needs a fresh start.